 Dungeon Crawl Stone Soup version 0.20.1-1-g8b1a95d66d (webtiles) character file.

25503 Gargoyl the Corrupter of Planes (level 12, -6/104 HPs)
             Began as a Centaur Abyssal Knight on Dec 7, 2017.
             Was the Champion of Lugonu.
             Mangled by a wolf spider (12 damage)
             ... on level 4 of the Lair of Beasts.
             The game lasted 00:39:18 (19256 turns).

Gargoyl the Corrupter of Planes (CeAK)             Turns: 19256, Time: 00:39:20

Health: -6/104     AC: 18    Str: 20    XL:     12   Next: 90%
Magic:  28/28      EV:  6    Int:  8    God:    Lugonu [******]
Gold:   807        SH: 15    Dex: 19    Spells: 11/11 levels left

rFire    + + +     SeeInvis +   y - +5 hand axe of the Lonely Songs {flame, rF+++ MR- MP+9 Dex+7}
rCold    + + .     Gourm    .   N - +5 shield
rNeg     + . .     Faith    .   n - +0 shadow dragon scales
rPois    .         Spirit   .   r - +2 helmet
rElec    .         Reflect  .   o - -1 cloak of Lethargy {rC+} (curse)
rCorr    .         Harm     .   t - +0 pair of gloves of Efudoz {rC+ rN+ Int-3 SInv}
MR       .....                  (no barding)
Stlth    ++........             S - amulet of regeneration
Regen    0.7/turn               l - +3 ring of strength
MPRegen  0.3/turn               g - ring of protection from magic

@: lethally poisoned (-6 -> -25), very quick
A: fangs 1, hooves 3, rugged brown scales 1, deformed body, speed 2, tough skin
3
a: Depart the Abyss, Bend Space, Banish, Corrupt, Enter the Abyss, Brand Weapon
With Distortion, Renounce Religion


You were on level 4 of the Lair of Beasts.
You worshipped Lugonu.
Lugonu was exalted by your worship.
You were not hungry.

You visited 2 branches of the dungeon, and saw 13 of its levels.
You visited the Abyss 1 time.

You collected 807 gold pieces.

Inventory:

Hand Weapons
 a - a +2 hand axe
 y - the +5 hand axe of the Lonely Songs (weapon) {flame, rF+++ MR- MP+9 Dex+7}
   (You found it on level 5 of the Dungeon)

   It has been specially enchanted to burn those struck by it, causing extra
   injury to most foes and up to half again as much damage against particularly
   susceptible opponents.
   Big, fiery blades are also staple armaments of hydra-hunters.
   It affects your dexterity (+7).
   It renders you almost immune to fire.
   It affects your resistance to hostile enchantments.
   It affects your magic capacity (+9).
 C - a +0 war axe
 I - a +2 hand axe of venom
Armour
 m - a +0 cloak
 n - +0 shadow dragon scales (worn)
 o - the cursed -1 cloak of Lethargy (worn) {rC+}
   (You found it on level 2 of the Lair of Beasts)

   It protects you from cold.
   It has a curse placed upon it.
 r - a +2 helmet (worn)
 t - the +0 pair of gloves of Efudoz (worn) {rC+ rN+ Int-3 SInv}
   (You acquired it on level 1 of the Lair of Beasts)

   It affects your intelligence (-3).
   It protects you from cold.
   It protects you from negative energy.
   It lets you see invisible.
 N - a +5 shield (worn)
Jewellery
 g - a ring of protection from magic (right hand)
 l - a +3 ring of strength (left hand)
 w - an uncursed ring of resist corrosion
 F - a cursed ring of loudness {unknown}
 R - an uncursed ring of protection from magic
 S - an amulet of regeneration (around neck)
Wands
 h - a wand of lightning (13/15)
 p - a wand of iceblast (9/15)
 B - a wand of enslavement (11/24)
 D - a wand of enslavement (13/24)
 G - a wand of lightning (7/15)
Scrolls
 d - 2 scrolls of blinking
 q - 5 scrolls of teleportation
 u - 2 scrolls of amnesia
 E - 2 scrolls of fear
 M - a scroll of recharging
 Q - a scroll of fog
Potions
 b - 9 potions of curing
 e - 3 potions of haste
 f - 2 potions of agility
 j - 2 potions of resistance {unknown}
 v - 4 potions of heal wounds
 x - 2 potions of berserk rage
 z - a potion of cancellation {unknown}
 H - 2 potions of lignification {unknown}
 J - 5 potions of flight
 K - 2 potions of might
 L - a potion of brilliance {unknown}
 O - 3 potions of mutation
Books
 P - a book of Burglary

   Spells                             Type                      Level
   a - Swiftness                      Charms/Air                   2
   b - Passwall                       Transmutation/Earth          2
   c - Passage of Golubria            Translocation                4
   d - Lee's Rapid Deconstruction     Earth                        5
   e - Darkness                       Hexes                        6
   f - Invisibility                   Hexes                        6
Comestibles
 c - 8 bread rations
 i - 9 meat rations
 k - 10 royal jellies
 s - a chunk of flesh
 A - 15 fruits


   Skills:
 + Level 7.9 Fighting
 + Level 10.2 Axes
   Level 7.4 Bows
 * Level 9.9 Armour
 + Level 2.8 Dodging
 + Level 3.8 Shields
 * Level 10.3 Invocations


You had 11 spell levels left.
You didn't know any spells.

Dungeon Overview and Level Annotations

Branches:
Dungeon (9/15)             Temple (0/1) D:6            Lair (4/6) D:8
  Swamp (0/4) Lair:3       Spider (0/4) Lair:4          Orc (0/2) D:9

Altars:
Cheibriados
Dithmenos
Elyvilon
Kikubaaqudgha
Makhleb
Nemelex Xobeh
Okawaru
Qazlal
Ru
Vehumet
Xom
Yredelemnul
Zin


Innate Abilities, Weirdness & Mutations

You have hooves in place of feet.
Armour fits poorly on your strangely shaped body.
You cover ground very quickly.
You have extremely tough skin. (AC +3)
You have very sharp teeth.
You are partially covered in rugged brown scales. (AC +1, +3% HP)


Message History

The wolf spider hits you but does no damage.
The wolf spider barely misses you.
The jumping spider leaps!
The wolf spider hits you!
* * * LOW HITPOINT WARNING * * *
The wolf spider bites you but does no damage.
The jumping spider pounces on you but does no damage.
The jumping spider bites you but does no damage.
You disentangle yourself.
The jumping spider pounces on you!
* * * LOW HITPOINT WARNING * * *
You block the jumping spider's attack. You block the wolf spider's attack.
The wolf spider bites you!
* * * LOW HITPOINT WARNING * * *
You are lethally poisoned!
The wolf spider poisons you!
The jumping spider barely misses you. x2
You block the wolf spider's attack.
The wolf spider bites you but does no damage.
You block the jumping spider's attack.
The jumping spider bites you but does no damage.
The wolf spider hits you!
You die...

##..................#
###P.#.##..........(...#
#####.#..#.........#.......#
..##....##........##......##
...##.^##......####........#
.....†..P...#.###.........##
.............##.....####.##
............##.^.s.## ##
...........##.^s@s##
...........#...§s.#
....>.....##.>..###
....#..P..#..s.#
....#.######### .....##
...### ...# ....#


You could see 2 wolf spiders and 3 jumping spiders.

Vanquished Creatures
  The ghost of tehanu the Carver, a journeyman MiBe of Trog (Lair:2)
  2 hydras
  A catoblepas (Lair:3)
  A two-headed ogre (D:8)
  The ghost of NullDivider the Covert, a novice OpAr of Nemelex Xobeh (D:9)
  Pikel (D:6)
  A necromancer (Lair:2)
  An oklob plant (Lair:2)
  A black mamba (Lair:1)
  The ghost of Gargoyl the Chopper, a novice CeAK of Lugonu (D:4)
  The ghost of LiquoriceLizzard the Poker, a novice MfSk (D:5)
  6 spiny frogs
  4 komodo dragons
  3 rime drakes
  2 polar bears
  Prince Ribbit (Lair:1)
  6 blink frogs
  5 dream sheep (Lair:4)
  2 hippogriffs
  A wyvern (D:8)
  A human (D:8)
  Eustachio (D:6)
  3 hogs (D:8)
  Grum (Lair:1)
  11 yaks
  A hungry ghost (D:9)
  A swamp worm (Lair:3)
  5 water moccasins
  12 porcupines
  The ghost of Gomac the Sneak, an amateur SpAs (D:3)
  9 orc warriors
  An ice beast (D:9)
  5 black bears
  3 slaves (D:6)
  2 sky beasts
  3 ogres
  2 necrophages
  4 centaurs
  A phantom (D:4)
  3 wolves (Lair:1)
  7 crocodiles
  Blork the orc (D:6)
  A big kobold (D:8)
  A gnoll sergeant (D:9)
  14 bullfrogs
  A wyvern skeleton (D:7)
  6 killer bees
  5 scorpions
  15 wights
  3 howler monkeys
  A centaur zombie (D:8)
  3 crimson imps
  A quasit (D:5)
  2 bullfrog zombies
  3 hounds
  4 jellies
  13 orc wizards
  2 bullfrog skeletons
  6 orc priests
  Jessica (D:2)
  2 iguanas (D:8)
  4 worker ants
  3 yak simulacra (Lair:2)
  2 polar bear simulacra (Lair:2)
  4 wolf simulacra (Lair:2)
  4 gnolls (D:6)
  7 adders
  2 shadow imps (D:9)
  An ooze (D:2)
  2 adder skeletons (D:8)
  2 worms (D:3)
  A dart slug (D:5)
  6 leopard geckos
  50 orcs
  9 bats
  4 giant cockroaches
  13 goblins
  3 hobgoblins
  12 jackals
  13 kobolds
  5 quokkas
  2 ball pythons
  3 frilled lizards
  A jackal zombie (D:4)
  8 rats
  2 river rat simulacra (Lair:2)
  A spectral orc (D:6)
  4 fungi
  2 plants (Lair:2)
374 creatures vanquished.

Vanquished Creatures (others)
  An ice dragon (D:9)
  An oklob plant (Lair:2)
  An ugly thing (D:7)
  8 fungi
11 creatures vanquished.

Grand Total: 385 creatures vanquished

Notes
Turn   | Place    | Note
-------+----------+-------------------------------------------
     0 | Abyss:1  | Gargoyl the Centaur Abyssal Knight began the quest for the Orb.
     0 | Abyss:1  | Reached XP level 1. HP: 19/19 MP: 2/2
   109 | Abyss:1  | Noticed an earth elemental
   180 | Abyss:1  | Noticed a large abomination
   217 | Abyss:1  | Gained mutation: You evolve. [potion of mutation]
   217 | Abyss:1  | Gained mutation: You rapidly evolve. [potion of mutation]
   218 | D:1      | Escaped the Abyss
   255 | D:1      | Reached * piety under Lugonu
   350 | D:1      | Reached XP level 2. HP: 13/26 MP: 3/3
  1079 | D:2      | Reached XP level 3. HP: 31/31 MP: 4/4
  1177 | D:2      | Noticed Jessica
  1195 | D:2      | Killed Jessica
  1390 | D:2      | Lost mutation: You rapidly evolve. [evolution]
  1548 | D:2      | Reached XP level 4. HP: 36/39 MP: 5/5
  1561 | D:2      | Reached ** piety under Lugonu
  1777 | D:2      | Found a white marble altar of Elyvilon.
  1782 | D:2      | Found a radiant altar of Vehumet.
  1799 | D:2      | Found a shadowy altar of Dithmenos.
  1800 | D:2      | Found a sacrificial altar of Ru.
  1857 | D:3      | Noticed Gomac's ghost (amateur SpAs)
  1866 | D:3      | Killed Gomac's ghost
  1866 | D:3      | Reached skill level 1 in Dodging
  1866 | D:3      | Reached XP level 5. HP: 45/45 MP: 5/7
  2019 | D:3      | Noticed a centaur
  2037 | D:3      | Killed a centaur
  2037 | D:3      | Reached XP level 6. HP: 8/52 MP: 8/8
  3034 | D:4      | Reached skill level 1 in Bows
  3161 | D:4      | Reached *** piety under Lugonu
  3243 | D:4      | Lost mutation: You evolve. [potion of mutation]
  3243 | D:4      | Gained mutation: You have very sharp teeth. [potion of mutation]
  3243 | D:4      | Gained mutation: You are partially covered in rugged brown scales. (AC +1, +3% HP) [potion of mutation]
  3301 | D:4      | Found an iron altar of Okawaru.
  3336 | D:4      | Reached XP level 7. HP: 59/59 MP: 9/9
  3395 | D:4      | Noticed Gargoyl's ghost (novice CeAK)
  3421 | D:4      | Killed Gargoyl's ghost
  3421 | D:4      | Reached skill level 5 in Bows
  3587 | D:4      | Reached XP level 8. HP: 57/67 MP: 11/11
  3743 | D:4      | Found a stormy altar of Qazlal.
  4021 | D:4      | Found an ancient bone altar of Kikubaaqudgha.
  4453 | D:5      | Entered Level 5 of the Dungeon
  4492 | D:5      | Got a crystal hand axe
  4497 | D:5      | Identified the +5 hand axe of the Lonely Songs {flame, rF+++ MR- MP+9 Dex+7} (You found it on level 5 of the Dungeon)
  4807 | D:5      | Noticed LiquoriceLizzard's ghost (novice MfSk)
  4819 | D:5      | Killed LiquoriceLizzard's ghost
  4819 | D:5      | Reached skill level 5 in Invocations
  4951 | D:5      | Found a burning altar of Makhleb.
  4952 | D:5      | Found a shimmering altar of Xom.
  5265 | D:6      | Found a staircase to the Ecumenical Temple.
  5291 | D:6      | Reached skill level 5 in Fighting
  5321 | D:6      | Found a basalt altar of Yredelemnul.
  5329 | D:6      | Reached **** piety under Lugonu
  5358 | D:6      | Noticed Eustachio
  5408 | D:6      | Reached XP level 9. HP: 65/76 MP: 13/13
  5416 | D:6      | Killed Eustachio
  5416 | D:6      | Reached skill level 5 in Axes
  5776 | D:6      | Noticed Pikel
  5798 | D:6      | Killed Pikel
  5798 | D:6      | Reached skill level 5 in Armour
  6046 | D:6      | Found a sparkling altar of Nemelex Xobeh.
  6046 | D:6      | Noticed Blork the orc
  6062 | D:6      | Killed Blork the orc
  6932 | D:7      | Noticed an angel
  6933 | D:7      | Found a glowing silver altar of Zin.
  7106 | D:7      | You fall through a shaft!
  7127 | D:8      | Reached ***** piety under Lugonu
  7216 | D:7      | Noticed a brown ugly thing
  7517 | D:7      | Banished a brown ugly thing
  7517 | D:7      | Reached XP level 10. HP: 26/85 MP: 15/15
  8803 | D:8      | Found a staircase to the Lair.
  9191 | D:9      | Noticed NullDivider's ghost (novice OpAr)
  9577 | D:9      | Killed NullDivider's ghost
 10392 | D:9      | Noticed a two-headed ogre
 10939 | D:8      | Killed a two-headed ogre
 10939 | D:8      | Reached XP level 11. HP: 42/93 MP: 17/17
 11353 | D:9      | Noticed an ice dragon
 11356 | D:9      | Banished an ice dragon
 11450 | D:9      | Found a staircase to the Orcish Mines.
 12382 | D:9      | Found a snail-covered altar of Cheibriados.
 12545 | Lair:1   | Entered Level 1 of the Lair of Beasts
 12552 | Lair:1   | Noticed Grum
 12568 | Lair:1   | Killed Grum
 12571 | Lair:1   | Reached skill level 1 in Shields
 14101 | Lair:1   | Reached ****** piety under Lugonu
 14233 | Lair:1   | HP: 4/94 [poisoned by a spiny frog]
 14238 | Lair:1   | HP: 3/94 [poisoned by a spiny frog]
 14245 | Lair:1   | HP: 3/94 [poisoned by a spiny frog]
 14253 | Lair:1   | HP: 3/94 [poisoned by a spiny frog]
 14830 | Lair:1   | Identified a scroll of acquirement
 14831 | Lair:1   | Got a pair of polished gloves
 14837 | Lair:1   | Identified the +0 pair of gloves of Efudoz {rC+ rN+ Int-3 SInv} (You acquired it on level 1 of the Lair of Beasts)
 14880 | Lair:1   | Noticed Prince Ribbit
 14902 | Lair:1   | Killed Prince Ribbit
 15190 | Lair:2   | Noticed tehanu's ghost (journeyman MiBe)
 15250 | Lair:2   | Killed tehanu's ghost
 15690 | Lair:2   | Reached XP level 12. HP: 76/103 MP: 18/18
 16572 | Lair:2   | Noticed a four-headed hydra
 16586 | Lair:2   | Killed a one-headed hydra
 17683 | Lair:2   | Got a transparent cloak
 17694 | Lair:2   | Identified the cursed -1 cloak of Lethargy {rC+} (You found it on level 2 of the Lair of Beasts)
 18370 | Lair:3   | Found a staircase to the Swamp.
 18417 | Lair:3   | Reached skill level 10 in Invocations
 18488 | Lair:3   | Noticed a seven-headed hydra
 18501 | Lair:3   | Killed a one-headed hydra
 18501 | Lair:3   | Reached skill level 10 in Axes
 18624 | Lair:3   | Noticed a catoblepas
 18651 | Lair:3   | Killed a catoblepas
 19245 | Lair:4   | Found a hole to the Spider Nest.
 19256 | Lair:4   | Mangled by a wolf spider

Skill      XL: |  1  2  3  4  5  6  7  8  9 10 11 12 |
---------------+-------------------------------------+-----
Axes           | 2 3 4 6 7 9 10 | 10.2
Armour         | 2 3 4 5 7 8 9 |  9.9
Dodging        | 1 2 |  2.8
Invocations    | 3 4 5 7 8 9 10 | 10.3
Bows           | 3 5 6 7 |  7.4
Fighting       | 4 5 6 7 |  7.9
Shields        | 2 3 |  3.8

Action                   |  1- 3 |  4- 6 |  7- 9 | 10-12 || total
-------------------------+-------+-------+-------+-------++-------
Melee: Hand axe          |    90 |    85 |   278 |   779 ||  1232
       Kick              |    11 |    16 |   105 |   285 ||   417
       Bite              |       |       |    34 |   120 ||   154
 Fire: Shortbow          |       |    58 |    25 |    16 ||    99
Invok: Depart the Abyss  |     1 |       |       |       ||     1
       Banish            |       |       |       |     4 ||     4
       Bend Space        |       |       |       |     1 ||     1
  Use: Scroll            |     2 |    10 |     4 |    15 ||    31
       Potion            |     1 |     2 |     1 |     7 ||    11
 Stab: Sleeping          |       |     1 |     2 |     2 ||     5
       Distracted        |       |       |       |     1 ||     1
  Eat: Chunk             |     1 |     5 |    11 |    27 ||    44
       Bread ration      |       |       |       |     2 ||     2
       Royal jelly       |       |       |       |     1 ||     1
Armor: Ring mail         |    13 |       |       |       ||    13
       Leather armour    |     2 |       |       |       ||     2
       Skin              |     1 |       |       |       ||     1
       Shadow dragon sca |   100 |    95 |   239 |   402 ||   836
Dodge: Dodged            |    60 |    34 |    85 |   152 ||   331
Block: Shield            |       |       |       |   299 ||   299
